 Dungeon Crawl Stone Soup version 0.23.0 (webtiles) character file.

Game seed: 5568466756324601267

268 HunterAntonescu the Slasher (level 6, -4/48 HPs)
             Began as a Human Fighter on Feb 16, 2019.
             Slain by an ogre
             ... wielding a cursed -2 giant spiked club
              (23 damage)
             ... on level 4 of the Dungeon.
             The game lasted 00:19:00 (3370 turns).

HunterAntonescu the Slasher (Human Fighter)         Turns: 3370, Time: 00:19:01

Health: -4/48      AC: 10    Str: 18    XL:     6   Next: 46%
Magic:  6/6        EV:  5    Int:  8    God:
Gold:   135        SH:  9    Dex: 13    Spells: 5/5 levels left

rFire    . . .     SeeInvis .   a - +0 long sword
rCold    . . .     Gourm    .   c - +0 shield
rNeg     . . .     Faith    .   l - +0 chain mail
rPois    .         Spirit   .   (no helmet)
rElec    .         Reflect  .   (no cloak)
rCorr    .         Harm     .   h - +0 pair of gloves
MR       .....                  (no boots)
Stlth    ..........             (no amulet)
HPRegen  0.16/turn              (no ring)
MPRegen  0.10/turn              (no ring)

@: no status effects
A: no striking features
a: no special abilities


You were on level 4 of the Dungeon.
You were not hungry.

You visited 1 branch of the dungeon, and saw 4 of its levels.

You collected 135 gold pieces.

Inventory:

Hand Weapons
 a - a +0 long sword (weapon)
Missiles
 b - a throwing net
 v - 4 tomahawks (quivered)
Armour
 c - a +0 shield (worn)
 h - a +0 pair of gloves (worn)
 l - a +0 chain mail (worn)
 u - a cursed +0 robe
Jewellery
 o - an uncursed ring of fire {unknown}
 p - an uncursed amulet of guardian spirit {unknown}
 q - an uncursed amulet of guardian spirit {unknown}
 r - an uncursed ring of stealth
Scrolls
 f - 3 scrolls of identify {unknown}
 g - 3 scrolls of enchant weapon {unknown}
 s - a scroll of remove curse {unknown}
 t - a scroll of immolation {unknown}
 w - 2 scrolls of teleportation {unknown}
Potions
 d - a potion of might
 e - a potion of lignification {unknown}
 i - a potion of brilliance {unknown}
 j - a potion of agility {unknown}
 m - a potion of resistance {unknown}
 n - a potion of mutation {unknown}
Comestibles
 k - 8 rations


   Skills:
 + Level 3.8 Fighting
 + Level 4.3 Long Blades
 + Level 0.1 Throwing
 + Level 4.0 Armour
 + Level 1.0 Dodging
 + Level 3.8 Shields


You had 5 spell levels left.
You didn't know any spells.
Your spell library was empty.

Dungeon Overview and Level Annotations

Branches:
Dungeon (4/15)
 Temple: D:4-7

Altars:
Cheibriados
Fedhas
Makhleb
The Shining One

Annotations:
D:4 3 runed translucent doors, Defined's ghost, novice DsMo


Message History

The howler monkey skeleton is heavily damaged.
You block the howler monkey skeleton's attack.
Your shield and chain mail prevent you from hitting the ogre.
The ogre hits you with a cursed -2 giant spiked club!
You block the howler monkey skeleton's attack.
You hit the ogre but do no damage.
The howler monkey skeleton barely misses you.
You riposte.
You hit the howler monkey skeleton.
The howler monkey skeleton is heavily damaged.
The ogre hits you with a cursed -2 giant spiked club!
You hit the ogre.
The ogre is moderately wounded.
You block the howler monkey skeleton's attack.
You block the ogre's attack.
The howler monkey skeleton barely misses you.
You barely miss the ogre.
The ogre is moderately wounded.
The howler monkey skeleton hits you but does no damage.
The ogre hits you with a cursed -2 giant spiked club!!
You die...

....#....##
...##.####
.##...#
.##.######
#.......#
#.#####..#
##.# #..#
##### #.##
#O@?# ..#
#$Z#.# .##
#..##.#
......#
...###.#
#####.#
#...##.#.#
#####
##.##.8'.#
.(.##.
#+#...#.#
...##.#
+...##.#
(..# #.#
.....##..#


You could see an ogre and a howler monkey skeleton.

Vanquished Creatures
  A worker ant (D:4)
  A hound skeleton (D:4)
  3 gnolls (D:2)
  10 adders
  An ooze (D:2)
  A worm (D:2)
  5 dart slugs
  A leopard gecko (D:2)
  8 orcs (D:3)
  4 giant cockroaches
  9 hobgoblins
  7 jackals
  11 kobolds
  A quokka (D:2)
  2 ball pythons
  11 bats
  6 frilled lizards
  4 goblins
  8 rats
94 creatures vanquished.

Notes
Turn   | Place    | Note
-------+----------+-------------------------------------------
     0 | D:1      | HunterAntonescu the Human Fighter began the quest for the
                  | Orb.
     0 | D:1      | Reached XP level 1. HP: 18/18 MP: 1/1
   162 | D:1      | Reached XP level 2. HP: 18/24 MP: 2/2
   377 | D:1      | Reached XP level 3. HP: 19/29 MP: 3/3
  1144 | D:2      | Found a burning altar of Makhleb.
  1299 | D:2      | Reached XP level 4. HP: 18/35 MP: 4/4
  1684 | D:2      | Reached XP level 5. HP: 18/41 MP: 5/5
  2219 | D:3      | Found a snail-covered altar of Cheibriados.
  2253 | D:3      | Found a blossoming altar of Fedhas.
  2255 | D:3      | Found a glowing golden altar of the Shining One.
  2914 | D:3      | Reached XP level 6. HP: 48/48 MP: 6/6
  2932 | D:3      | Reached skill level 1 in Dodging
  3291 | D:4      | Found a runed translucent gate.
  3296 | D:4      | Found a runed translucent gate.
  3296 | D:4      | Found a runed translucent gate.
  3297 | D:4      | Noticed Defined's ghost (novice DsMo)
  3362 | D:4      | Noticed an ogre
  3370 | D:4      | Slain by an ogre

Skill      XL: |  1  2  3  4  5  6 |
---------------+-------------------+-----
Long Blades    | 3 4 |  4.3
Dodging        | 1 |  1.0
Armour         | 4 |  4.0
Fighting       | |  3.8
Throwing       | |  0.1
Shields        | |  3.8

Action                   |  1- 3 |  4- 6 || total
-------------------------+-------+-------++-------
Melee: Long sword        |    95 |   240 ||   335
Throw: Tomahawk          |       |     5 ||     5
  Eat: Ration            |     1 |     2 ||     3
       Chunk             |       |     1 ||     1
Armor: Scale mail        |    58 |    23 ||    81
       Chain mail        |       |   113 ||   113
Dodge: Dodged            |    24 |    66 ||    90
Block: Shield            |    45 |   120 ||   165
       Rpst.: Long sword |    10 |    23 ||    33
